 Dungeon Crawl Stone Soup version 0.29.1-14-g9c671dbff4 (webtiles) character file.

Game seed: 8196681563078429692

3787086 Midpoint the Phalangite (level 27, 211/211 HPs)
             Began as a Gnoll Summoner on Feb 10, 2023.
             Was the Champion of Cheibriados.
             Escaped with the Orb
             ... and 5 runes on Feb 15, 2023!
             The game lasted 13:00:05 (54407 turns).

Midpoint the Phalangite (Gnoll Summoner)           Turns: 54407, Time: 13:00:06

Health: 211/211    AC: 43    Str: 24    XL:     27
Magic:  47/47      EV: 39    Int: 41    God:    Cheibriados [******]
Gold:   7069       SH: 29    Dex: 45    Spells: 3/66 levels left

rFire   + . .      SeeInvis +   b - +7 hand crossbow "Ubakhekk" {venom, *Slow rElec Dex+7}
rCold   + + .      Faith    .   C - +3 kite shield "Juebirus" {Int+3}
rNeg    . . .      Spirit   .   V - +8 ice dragon scales of Discretion {rElec rF- rC++ Will++ Int-3}
rPois   +          Reflect  +   T - +2 helmet {SInv}
rElec   +          Harm     .   H - +4 dragonskin cloak
rCorr   +          Rampage  .   L - +3 pair of gauntlets of War {Slay+5}
Will    ++++.                   h - +2 pair of boots
Stlth   +++.......              Z - amulet of the Burning Gods {Reflect rElec rF- rC- Dex+9 SH+5}
HPRegen 0.45/turn               R - ring of the Swan {*Slow rElec rF+++ rCorr Int+2}
MPRegen 0.30/turn               O - ring "Nutue" {Wiz Contam rPois rC+}

@: studying 4 skills, very slow
A: fangs 1, strong nose, distributed training, clumsy 1, frail 1, electricity
resistance, subdued magic 1
0: Orb of Zot
}: 5/15 runes: decaying, slimy, silver, abyssal, gossamer
a: Renounce Religion, Bend Time, Temporal Distortion, Slouch, Step From Time


You escaped.
You worshipped Cheibriados.
Cheibriados was exalted by your worship.
You visited 11 branches of the dungeon, and saw 53 of its levels.
You visited the Abyss 3 times.
You also visited: Ossuary and Bailey.

You collected 12436 gold pieces.
You spent 5367 gold pieces at shops.

Inventory:

Hand Weapons
 a - the +2 Maxwell's thermic engine {flame, freeze}
   (You found it on level 11 of the Dungeon)

   It burns those it strikes, dealing additional fire damage.
   Big, fiery blades are also staple armaments of hydra-hunters.
   It freezes those it strikes, dealing additional cold damage.
   It can also slow down cold-blooded creatures.
   It becomes more effective when it hits something.
   This effect fades over time.
 b - the +7 hand crossbow "Ubakhekk" (weapon) {venom, *Slow rElec Dex+7}
   (You bought it in a shop on level 5 of the Realm of Zot)

   Any ammunition fired from it poisons the flesh of those it strikes.
   Dex:       It affects your dexterity (+7).
   rElec:     It insulates you from electricity.
   *Slow:     It may slow you when you take damage.
 c - a +9 scimitar of holy wrath
Missiles
 I - 25 boomerangs
 K - 9 javelins
 N - 15 silver javelins
Armour
 h - a +2 pair of boots (worn)
 C - the +3 kite shield "Juebirus" (worn) {Int+3}
   (You found it on level 5 of the Pits of Slime)

   Int:       It affects your intelligence (+3).
 H - the +4 dragonskin cloak (worn)
   (You took it off Tiamat on level 4 of the Realm of Zot)

   It grants the wearer a chance to resist fire, cold, poison, electricity,
   acid, and negative energy.
 L - the +3 pair of gauntlets of War (worn) {Slay+5}
   (You bought it in a shop on level 2 of the Orcish Mines)

   Slay:      It affects your accuracy & damage with ranged weapons and melee
   (+5).
 T - a +2 helmet of see invisible (worn)
 V - the +8 ice dragon scales of Discretion (worn) {rElec rF- rC++ Will++ Int-3}
   (You found it on level 3 of the Elven Halls)

   Int:       It affects your intelligence (-3).
   rF:        It makes you vulnerable to fire.
   rC:        It greatly protects you from cold.
   rElec:     It insulates you from electricity.
   Will:      It greatly increases your willpower.
Jewellery
 F - the ring "Vion" {rN+ Will+ Dex+4}
   (You acquired it on level 1 of the Depths)

   [ring of positive energy]

   Dex:       It affects your dexterity (+4).
   rN:        It protects you from negative energy.
   Will:      It increases your willpower.
 G - the ring of Omnen {Will+ rCorr Dex+2}
   (You acquired it on level 11 of the Dungeon)

   [ring of resist corrosion]

   Dex:       It affects your dexterity (+2).
   rCorr:     It protects you from acid and corrosion.
   Will:      It increases your willpower.
 O - the ring "Nutue" (right hand) {Wiz Contam rPois rC+}
   (You bought it in a shop on level 2 of the Elven Halls)

   [ring of wizardry]

   It improves your spell success rate.
   rC:        It protects you from cold.
   rPois:     It protects you from poison.
   Contam:    It causes magical contamination when unequipped.
 R - the ring of the Swan (left hand) {*Slow rElec rF+++ rCorr Int+2}
   (You took it off a deep elf annihilator on level 3 of the Elven Halls)

   [ring of resist corrosion]

   Int:       It affects your intelligence (+2).
   rF:        It renders you almost immune to fire.
   rElec:     It insulates you from electricity.
   rCorr:     It protects you from acid and corrosion.
   *Slow:     It may slow you when you take damage.
 S - the ring "Semn" {*Corrode Drain rN+++ MP+9 Str+8}
   (You found it on level 3 of the Elven Halls)

   [ring of magical power]

   Str:       It affects your strength (+8).
   rN:        It renders you almost immune to negative energy.
   MP:        It affects your magic capacity (+9).
   *Corrode:  It may corrode you when you take damage.
   Drain:     It drains your maximum health when unequipped.
 Z - the amulet of the Burning Gods (around neck) {Reflect rElec rF- rC- Dex+9 SH+5}
   (You found it on level 3 of the Elven Halls)

   [amulet of reflection]

   It reflects blocked missile attacks.
   Dex:       It affects your dexterity (+9).
   rF:        It makes you vulnerable to fire.
   rC:        It makes you vulnerable to cold.
   rElec:     It insulates you from electricity.
   SH:        It affects your SH (+5).
Wands
 l - a wand of digging (24)
 q - a wand of polymorph (13)
 t - a wand of flame (66)
 B - a wand of paralysis (39)
 W - a wand of light (16)
 X - a wand of iceblast (41)
Scrolls
 d - 2 scrolls of summoning
 e - 14 scrolls of blinking
 f - 8 scrolls of butterflies
 g - 7 scrolls of enchant armour
 i - 5 scrolls of silence
 j - 24 scrolls of teleportation
 k - 5 scrolls of magic mapping
 x - 13 scrolls of vulnerability
 E - 12 scrolls of immolation
 M - 6 scrolls of fear
 Q - 11 scrolls of poison
Potions
 m - 6 potions of resistance
 n - 8 potions of lignification
 o - 8 potions of mutation
 s - 9 potions of might
 u - 8 potions of magic
 v - 7 potions of ambrosia
 z - 7 potions of flight
 D - 9 potions of brilliance
 J - 25 potions of curing
 P - 9 potions of cancellation
 Y - 15 potions of heal wounds
Miscellaneous
 p - a phantom mirror
 r - a condenser vane
 y - a phial of floods
 A - a box of beasts
 U - a lightning rod (4/4)


   Skills:
 + Level 23.0 Fighting
 + Level 19.4 Short Blades
 + Level 19.4 Long Blades
 + Level 19.4 Axes
 + Level 19.4 Maces & Flails
 + Level 26.3 Polearms
 + Level 23.9 Staves
 + Level 19.4 Ranged Weapons
 + Level 19.4 Throwing
 + Level 19.4 Armour
 + Level 19.9 Dodging
 + Level 19.8 Stealth
 + Level 19.4 Shields
 + Level 19.4 Unarmed Combat
 + Level 20.0 Spellcasting
 + Level 16.6 Conjurations
 + Level 16.6 Hexes
 + Level 21.0 Summonings
 + Level 16.6 Necromancy
 + Level 16.6 Translocations
 + Level 16.6 Transmutations
 + Level 16.6 Fire Magic
 + Level 16.6 Ice Magic
 + Level 16.6 Air Magic
 + Level 16.6 Earth Magic
 + Level 16.6 Poison Magic
 + Level 21.0 Invocations
 + Level 19.4 Evocations


You had 3 spell levels left.
You knew the following spells:

 Your Spells              Type           Power      Damage    Failure   Level
a - Apportation           Tloc           100%       N/A       0%          1
b - Eringya's Noxious Bo  Tmut/Pois      47%        N/A       1%          6
c - Blink                 Tloc           100%       N/A       0%          2
d - Summon Horrible Thin  Summ           52%        N/A       1%          8
e - Spellforged Servitor  Conj/Summ      50%        N/A       1%          7
f - Ozocubu's Armour      Ice            94%        N/A       0%          3
g - Ozocubu's Refrigerat  Ice            47%        4d17      1%          7
h - Manifold Assault      Tloc           94%        N/A       0%          5
i - Death Channel         Necr           47%        N/A       1%          6
j - Lehudib's Crystal Sp  Conj/Erth      47%        10d11     4%          8
k - Summon Small Mammal   Summ           100%       N/A       0%          1
l - Borgnjor's Vile Clut  Necr/Erth      47%        N/A       0%          5
m - Passwall              Tmut/Erth      78%        N/A       0%          2
n - Sublimation of Blood  Necr           94%        N/A       0%          2

Your spell library contained the following spells:

 Spells                   Type           Power      Damage    Failure   Level
 Beastly Appendage        Tmut           100%       N/A       0%          1
 Freeze                   Ice            100%       1d11      0%          1
 Magic Dart               Conj           100%       1d8       0%          1
 Slow                     Hex            100%       N/A       0%          1
 Sting                    Tmut/Pois      100%       1d8       0%          1
 Call Imp                 Summ           100%       N/A       0%          2
 Ensorcelled Hibernation  Hex/Ice        100%       N/A       0%          2
 Poisonous Vapours        Pois/Air       100%       N/A       0%          2
 Searing Ray              Conj           100%       2d8       0%          2
 Static Discharge         Conj/Air       94%        3-15/arc  0%          2
 Wereblood                Tmut           94%        N/A       0%          2
 Call Canine Familiar     Summ           100%       N/A       0%          3
 Confusing Touch          Hex            94%        N/A       0%          3
 Dazzling Flash           Conj/Hex       100%       N/A       0%          3
 Frozen Ramparts          Ice            100%       1d16      0%          3
 Inner Flame              Hex/Fire       94%        N/A       0%          3
 Lesser Beckoning         Tloc           94%        N/A       0%          3
 Mephitic Cloud           Conj/Pois/Air  94%        N/A       0%          3
 Portal Projectile        Hex/Tloc       100%       N/A       0%          3
 Spider Form              Tmut/Pois      94%        N/A       0%          3
 Summon Guardian Golem    Hex/Summ       100%       N/A       0%          3
 Swiftness                Air            94%        N/A       0%          3
 Vampiric Draining        Necr           94%        2d12      0%          3
 Airstrike                Air            47%        2d(7-23)  0%          4
 Anguish                  Hex/Necr       47%        N/A       0%          4
 Cause Fear               Hex            47%        N/A       0%          4
 Corpse Rot               Necr/Pois/Air  94%        N/A       0%          4
 Dispel Undead            Necr           94%        3d30      0%          4
 Flame Wave               Conj/Fire      94%        2d20      0%          4
 Fulminant Prism          Conj/Hex       47%        3d21      0%          4
 Hailstorm                Conj/Ice       94%        3d19      0%          4
 Ice Form                 Ice/Tmut       94%        N/A       0%          4
 Iskenderun's Mystic Bla  Conj/Tloc      94%        2d18      0%          4
 Leda's Liquefaction      Hex/Erth       47%        N/A       0%          4
 Olgreb's Toxic Radiance  Pois           94%        N/A       0%          4
 Passage of Golubria      Tloc           94%        N/A       0%          4
 Petrify                  Tmut/Erth      94%        N/A       0%          4
 Sticky Flame             Conj/Fire      94%        2d10      0%          4
 Summon Ice Beast         Ice/Summ       100%       N/A       0%          4
 Summon Lightning Spire   Summ/Air       100%       N/A       0%          4
 Agony                    Necr           94%        N/A       0%          5
 Alistair's Intoxication  Tmut/Pois      62%        N/A       0%          5
 Blade Hands              Tmut           47%        N/A       0%          5
 Fireball                 Conj/Fire      47%        3d19      0%          5
 Freezing Cloud           Conj/Ice/Air   47%        6-21      0%          5
 Irradiate                Conj/Tmut      47%        3d27      0%          5
 Iskenderun's Battlesphe  Conj           94%        2d14      0%          5
 Lee's Rapid Deconstruct  Erth           47%        3d23*     0%          5
 Lightning Bolt           Conj/Air       47%        1d67      0%          5
 Metabolic Englaciation   Hex/Ice        47%        N/A       0%          5
 Silence                  Hex/Air        47%        N/A       0%          5
 Summon Forest            Summ/Tloc      50%        N/A       0%          5
 Summon Mana Viper        Hex/Summ       100%       N/A       0%          5
 Yara's Violent Unravell  Hex/Tmut       47%        3d18      0%          5
 Summon Cactus Giant      Summ           52%        N/A       0%          6
 Conjure Ball Lightning   Conj/Air       47%        3x3d16    1%          6
 Dispersal                Tloc           47%        N/A       1%          6
 Iron Shot                Conj/Erth      47%        9d9       1%          6
 Starburst                Conj/Fire      47%        6d13      1%          6
 Statue Form              Tmut/Erth      62%        N/A       1%          6
 Dragon Form              Tmut           47%        N/A       1%          7
 Enfeeble                 Hex            47%        N/A       1%          7
 Malign Gateway           Summ/Tloc      50%        N/A       1%          7
 Storm Form               Tmut/Air       47%        N/A       1%          7
 Summon Hydra             Summ           52%        N/A       1%          7
 Discord                  Hex            47%        N/A       4%          8
 Disjunction              Tloc           47%        N/A       4%          8
 Ignition                 Fire           47%        3d13      4%          8
 Maxwell's Capacitive Co  Air            47%        ∞         4%          8
 Dragon's Call            Summ           52%        N/A       10%         9
 Chain Lightning          Conj/Air       47%        3d62      52%         9
 Fire Storm               Conj/Fire      47%        8d12      52%         9
 Polar Vortex             Ice            47%        N/A       52%         9
 Shatter                  Erth           47%        3d36*     52%         9


Dungeon Overview and Level Annotations

Branches:
Dungeon (15/15)            Temple (1/1) D:5            Lair (5/5) D:8
  Swamp (4/4) Lair:2       Spider (4/4) Lair:3        Slime (5/5) Lair:4
    Orc (2/2) D:9             Elf (3/3) Orc:2        Vaults (5/5) D:14
  Crypt (0/3) Vaults:3     Depths (4/4) D:15            Zot (5/5) Depths:4
Ossuary (visited)          Bailey (visited)

Altars:
Ashenzari
Cheibriados
Dithmenos
Elyvilon
Fedhas
Gozag
Hepliaklqana
Kikubaaqudgha
Makhleb
Nemelex Xobeh
Okawaru
Qazlal
Ru
Sif Muna
Trog
Uskayaw
Vehumet
Wu Jian
Xom
Yredelemnul
Zin
The Shining One
Jiyva
Lugonu

Shops:
D:6 *   D:11 !   Orc:2 *[?:   Elf:2 =::   Vaults:2 (   Vaults:4 [((*?
Vaults:5 !?!?????   Zot:3 *   Zot:5 *   Depths:1 [!   Depths:4 !=

Portals:
Hell: Depths:1 Depths:3 Depths:4
Abyss: Lair:5 Depths:3
Pandemonium: Orc:2 Depths:2 Depths:4
Ziggurat: Depths:3

Annotations:
D:4 Grinder
Temple 2 transporters
Spider:2 2 transporters
Elf:2 1 runed translucent door, Asterion; Fuonemn's ghost, veteran DDBe
Vaults:2 3 runed translucent doors, Yjimoseergh's ghost, adept SpFE; eruonna's ghost, veteran HOBe; jlumianski's ghost, veteran KoBe
Zot:2 1 exclusion
Zot:3 1 exclusion
Zot:4 1 exclusion


Innate Abilities, Weirdness & Mutations

You have very sharp teeth.
Your uncanny sense of smell can sniff out nearby items.
Your experience applies equally to all skills.
You are clumsy. (Dex -2)
You are frail. (-10% HP)
You are resistant to electric shocks. (rElec)
Your spells are a little easier to cast, but a little less powerful.


Message History

An Orb Guardian comes into view.
The Orb Guardian moves out of view.
There is a stone staircase leading up here.
You climb upwards.
There is a stone staircase leading down here.
(D) Dungeon (T) Temple (L) Lair (S) Swamp (N) Spider Nest (M) Slime Pits (O) Orcish Mines (E) Elven Halls (V) Vaults (C) Crypt (U) Depths (H) Hell (Z) Zot
Where to? (Enter - D:1, ? - help)
There is a stone staircase leading up here.
You climb upwards.
There is a stone staircase leading down here.
There is a stone staircase leading up here.
You climb upwards.
There is a stone staircase leading down here.
There is a stone staircase leading up here.
You climb upwards.
Level annotation: Grinder
There is a stone staircase leading down here.
There is a stone staircase leading up here.
You climb upwards.
There is a stone staircase leading down here.
There is a stone staircase leading up here.
You climb upwards.
There is a stone staircase leading down here.
There is a stone staircase leading up here.
You climb upwards.
There is a stone staircase leading down here.
There is an open door here.
Aiming: Dig
Press: ? - help, Shift-Dir - straight line This square is covered in magical glow.
The rock shatters into small pieces.
Aiming: Dig
Press: ? - help, Shift-Dir - straight line This square is covered in magical glow.
The rock shatters into small pieces.
There is a staircase leading out of the dungeon here.
You have escaped!

.####.....#
#.#..#.####.##### ## ##
#.....# #.#..#.###.## #
#.....# #.#..#.##.## #
####### #.#..#.#.## #####
#'####..## ....#
#######.#8.#.## ....#
#............########
....###8..8..8...#........#
......'.........@########.#
### #######8..8..8...# #.#
#.. # #..........# #.# #.#
############..#8.#
#.#####.# ........#
##############......†.
........#
#..........##...##
........# #..........#..###
........# #............##
........### #...........##


There were no monsters in sight!

Vanquished Creatures
  the Royal Jelly (Slime:5)
  Mara (Spider:3)
  8 dread liches
  3 ancient liches (Zot:5)
  6 orbs of fire
  A juggernaut (Depths:3)
  3 Killer Klowns
  A curse toe (Zot:1)
  3 caustic shrikes (Depths:3)
  A profane servitor (Abyss:3)
  8 golden dragons
  Nikola (Spider:1)
  2 bone dragons (Abyss:3)
  3 electric golems
  11 tentacled monstrosities
  16 Orb Guardians (Zot:5)
  A Hell Sentinel (Zot:5)
  A walking crystal tome (Depths:3)
  4 titans
  3 liches
  3 deep elf blademasters
  9 quicksilver dragons
  A deep elf master archer (Elf:3)
  16 acid blobs
  5 death cobs
  8 tentacled starspawn (Abyss:3)
  4 sphinxes
  Kirke (Spider:1)
  4 shadow dragons
  6 storm dragons
  5 tengu reavers
  9 rockslimes
  A fenstrider witch (Swamp:3)
  9 azure jellies
  The ghost of nroviw the Severer, a journeyman MiFi of Okawaru (Spider:1)
  Roxanne (Spider:4)
  3 draconian knights
  6 draconian monks
  4 iron dragons
  4 frost giants
  3 fire giants (Depths:1)
  10 ghost moths
  4 deep elf sorcerers
  2 orc warlords
  3 emperor scorpions (Spider:4)
  A balrug (Depths:3)
  12 vault wardens
  Louise (Elf:2)
  3 deep elf elementalists (Elf:3)
  7 draconian shifters
  6 draconian scorchers
  6 draconian stormcallers
  3 reapers
  14 ironbound preservers
  2 broodmothers
  11 draconian annihilators
  12 stone giants
  A vampire knight (Depths:3)
  9 quicksilver oozes
  25 very ugly things
  A juggernaut skeleton (Abyss:3)
  A war gargoyle (Vaults:1)
  8 ironbound thunderhulks
  An ophan (Abyss:3)
  8 deep elf demonologists
  9 red draconians
  10 green draconians
  10 black draconians
  10 white draconians
  5 deep elf annihilators (Elf:3)
  14 yellow draconians
  A bunyip (shapeshifter) (Vaults:5)
  6 entropy weavers
  3 bunyips
  16 dire elephants
  2 eidola (Abyss:3)
  13 purple draconians
  An ettin (shapeshifter) (Vaults:5)
  14 ettins
  4 deep elf death magi
  2 jiangshi (Depths:1)
  4 deep elf high priests (Depths:3)
  A blizzard demon (Depths:3)
  A shambling mangrove (Swamp:4)
  22 vault guards
  6 fire dragons
  9 yaktaur captains
  The ghost of Agrostarius the Basher, a journeyman MiFi (Spider:1)
  2 ice dragons (Depths:3)
  11 great orbs of eyes
  A hell beast (Zot:4)
  2 boulder beetles
  3 ghost crabs
  18 hydras
  5 ironbound frosthearts
  2 demonspawn (Orc:2)
  A great orb of eyes (shapeshifter) (D:15)
  An ogre mage (Vaults:5)
  4 spriggan air magi
  A naga warrior (Abyss:3)
  3 centaur warriors
  7 two-headed ogres
  A jorogumo (Spider:2)
  6 deep troll shamans
  8 alligators
  2 deep troll earth magi
  27 dancing weapons
  2 vampire magi
  A death scarab (Spider:3)
  6 spriggan berserkers
  3 hell hogs (Depths:3)
  2 soul eaters (Depths:3)
  8 thrashing horrors
  14 tengu warriors (Depths:3)
  Urug (D:10)
  3 spriggans
  6 orc high priests
  Nergalle (D:10)
  3 hell knights (Vaults:5)
  Amaemon (D:8)
  14 deep elf knights
  4 sun demons
  4 goliath frogs
  A sixfirhy (Abyss:3)
  3 spriggan druids
  4 wretched stars (Abyss:3)
  6 steelbarb worms
  10 iron trolls
  6 shadow wraiths
  3 pharaoh ants
  2 quicksilver dragon simulacra (Depths:3)
  11 deep elf archers
  3 large abominations (Abyss:3)
  3 skeletal warriors
  7 orb spiders
  45 deep trolls
  2 shadow demons (Abyss:3)
  2 flayed ghosts
  2 starcursed masses (Abyss:3)
  3 glowing orange brains
  5 wizards
  3 necromancers
  11 swamp dragons
  Pikel (D:4)
  14 deep elf zephyrmancers
  8 bog bodies
  12 lindwurms
  A harpy (shapeshifter) (Elf:1)
  4 phantasmal warriors (Vaults:5)
  15 ironbound convokers
  13 orc knights
  16 deep elf pyromancers
  4 harpies (Vaults:1)
  14 wolf spiders
  2 frost giant zombies (D:15)
  A cyclops (D:11)
  24 ugly things
  A worldbinder (Abyss:3)
  8 orc sorcerers
  2 shining eyes (Slime:3)
  3 will-o-the-wisps
  3 manticores
  An elephant (shapeshifter) (Vaults:5)
  6 centaur zombies (D:11)
  24 moths of wrath
  An ice statue (Depths:3)
  A molten gargoyle (Depths:2)
  3 smoke demons
  A rust devil (Orc:2)
  4 orange demons
  An eye of devastation (Slime:5)
  8 cane toads
  11 elephants
  21 vault sentinels
  5 centaur skeletons (D:11)
  2 rime drakes
  The ghost of THTSBRD the Shooter, a novice FoHu of Trog (D:4)
  A hellion (Abyss:3)
  3 unseen horrors
  5 demonic crawlers
  3 freezing wraiths (Depths:3)
  A yaktaur (shapeshifter) (D:14)
  28 yaktaurs
  2 kobold demonologists (Abyss:3)
  A komodo dragon (Lair:5)
  4 ice devils
  A polar bear (Lair:5)
  A hellwing (Zot:3)
  A guardian mummy (D:15)
  3 tengu conjurers
  3 ancient zymes
  A bloated husk (Swamp:2)
  7 tyrant leeches
  A silent spectre (Abyss:3)
  8 meliai
  2 wind drakes (shapeshifter)
  3 trolls
  The ghost of THTSBRD the Shooter, an amateur FoHu (D:15)
  16 tarantellas
  7 hornets
  13 blink frogs
  An iron dragon simulacrum (Abyss:3)
  8 raiju (Abyss:3)
  85 slime creatures
  2 meliai zombies (D:11)
  3 dream sheep (Lair:4)
  A centaur simulacrum (D:15)
  4 water elementals
  22 jumping spiders
  An ettin skeleton (Abyss:3)
  7 ynoxinuls
  2 air elementals (Elf:3)
  2 flying skulls (D:11)
  3 shadows (D:11)
  9 yaks
  4 vampires
  12 culicivoras
  3 wraiths
  3 hogs (Spider:1)
  An alligator snapping turtle simulacrum (Abyss:3)
  A neqoxec (Abyss:3)
  5 vampire mosquitoes
  A basilisk (Lair:5)
  5 fire elementals
  4 golden eyes
  11 small abominations
  45 redbacks
  2 wargs
  9 swamp worms
  A naga (Abyss:3)
  5 water moccasins
  A floating eye (Abyss:3)
  5 hell hounds (Zot:5)
  30 orc warriors
  7 swamp drakes
  An ice beast (D:5)
  2 ettin simulacra (Depths:3)
  10 boggarts
  4 ogres
  12 wolves
  A centaur (D:8)
  8 bullfrogs
  An earth elemental (Elf:3)
  2 scorpions
  7 wights
  10 killer bees
  6 howler monkeys
  An electric eel (Spider:4)
  A quasit (Abyss:3)
  11 orc priests
  2 hounds (D:6)
  A water moccasin simulacrum (D:4)
  An iron imp (Abyss:3)
  Jessica (D:2)
  2 iguanas
  12 orc wizards
  A bullfrog simulacrum (D:4)
  2 adders
  2 hound simulacra (D:4)
  2 white imps
  2 adder zombies (Ossuary)
  A worm (D:4)
  An adder simulacrum (D:4)
  54 orcs
  3 ball pythons
  2 giant cockroaches
  A jackal (D:2)
  A quokka (D:2)
  3 bats
  2 hobgoblin skeletons (Ossuary)
  A kobold (D:10)
  A kobold zombie (Ossuary)
  An orc zombie (Ossuary)
  A quokka simulacrum (D:4)
  A rat zombie (D:4)
  A bush (Lair:2)
  8 starspawn tentacles (Abyss:3)
1650 creatures vanquished.

Vanquished Creatures (collateral kills)
  2 dread liches
  An orb of fire (Zot:3)
  Tiamat (Zot:4)
  A Killer Klown (Zot:5)
  Bai Suzhen (Spider:4)
  Xtahua (Vaults:3)
  A bone dragon (Depths:3)
  3 tentacled monstrosities
  A titan (Vaults:5)
  10 Orb Guardians (Zot:5)
  A walking divine tome (Depths:3)
  A deep elf master archer (Elf:3)
  2 quicksilver dragons
  A tengu reaver (Vaults:5)
  3 draconian monks
  6 storm dragons
  A draconian knight (Zot:4)
  4 emperor scorpions (Spider:4)
  A frost giant (Vaults:5)
  A vault warden (Vaults:5)
  3 draconian stormcallers
  A ghost moth (Spider:4)
  2 draconian shifters
  A war gargoyle (Depths:3)
  An ironbound preserver (Vaults:5)
  3 broodmothers
  3 green draconians
  3 very ugly things
  An ironbound thunderhulk (Vaults:3)
  A draconian annihilator (Zot:3)
  2 deep elf annihilators (Elf:3)
  2 spark wasps
  A deep elf demonologist (Elf:3)
  A red draconian (Zot:5)
  A black draconian (Zot:3)
  4 yellow draconians
  A bunyip (Swamp:2)
  A purple draconian (Zot:5)
  6 white draconians
  An entropy weaver (Spider:3)
  2 ettins
  A quicksilver dragon zombie (D:15)
  A deep elf high priest (Vaults:5)
  11 vault guards
  2 jorogumos
  An ice dragon (Depths:2)
  10 hydras
  5 boulder beetles
  An ogre mage (Vaults:5)
  A ghost crab (Swamp:3)
  A radroach (Spider:3)
  2 centaur warriors
  3 two-headed ogres
  3 alligators
  4 orc high priests (Orc:2)
  2 tengu warriors (Depths:3)
  5 deep troll shamans
  A deep troll earth mage (Depths:2)
  2 spriggan berserkers
  A thrashing horror (Lair:5)
  A soul eater (Depths:3)
  5 hell knights (Vaults:5)
  2 sun demons (Depths:3)
  A deep elf knight (Elf:3)
  A titan zombie (D:15)
  A skeletal warrior (D:11)
  6 pharaoh ants
  A goliath frog (Swamp:4)
  5 iron trolls
  3 spriggan druids
  A glowing orange brain (Depths:3)
  A large abomination (Lair:5)
  A flayed ghost (D:15)
  3 swamp dragons (Swamp:4)
  7 deep trolls
  A bog body (Swamp:3)
  3 deep elf archers
  2 orb spiders (Spider:4)
  A steelbarb worm (Spider:2)
  A wizard (D:15)
  A phantasmal warrior (Vaults:5)
  2 necromancers
  A deep elf zephyrmancer (Elf:1)
  3 deep elf pyromancers
  5 orc knights
  2 orc sorcerers (Orc:2)
  A wolf spider (shapeshifter) (Lair:5)
  2 cyclopes (D:11)
  5 ugly things
  11 wolf spiders
  3 moths of wrath
  16 elephants
  2 black mambas
  A centaur zombie (D:11)
  3 torpor snails
  A vault sentinel (Vaults:1)
  4 cane toads
  A centaur skeleton (D:11)
  6 komodo dragons
  A kobold demonologist (D:10)
  2 rime drakes
  An ice devil (Orc:2)
  5 demonic crawlers
  An ancient zyme (Lair:5)
  5 trolls
  A meliai (Spider:4)
  2 tyrant leeches (Swamp:1)
  12 tarantellas
  3 polar bears
  A tyrant leech (shapeshifter) (Vaults:5)
  A hornet (D:7)
  4 slime creatures
  11 blink frogs
  2 dream sheep (Lair:4)
  11 culicivoras
  19 jumping spiders
  A centaur simulacrum (D:15)
  A wyvern (Lair:4)
  2 flying skulls (D:11)
  20 yaks
  A wraith (D:11)
  5 spriggans
  A vampire (D:15)
  A ynoxinul (Lair:5)
  6 basilisks
  45 redbacks
  Grum (D:10)
  2 vampire mosquitoes (Swamp:1)
  6 swamp worms
  4 wargs
  A chaos spawn (Lair:5)
  An acid dragon (D:9)
  4 water moccasins
  24 orc warriors
  2 swamp drakes (Swamp:4)
  A black bear (D:4)
  3 centaurs
  5 ogres
  18 wolves
  6 bullfrogs
  An earth elemental (Elf:1)
  2 necrophages
  7 scorpions
  14 wights
  7 small abominations
  4 killer bees
  2 howler monkeys
  A jelly (D:7)
  26 orc priests
  A hound (D:4)
  An iguana (D:5)
  11 orc wizards
  4 gnolls
  3 adders
  A shadow imp (D:7)
  A white imp (D:8)
  An adder zombie (Ossuary)
  7 worms
  79 orcs
  6 ball pythons
  7 endoplasms
  4 giant cockroaches
  8 goblins
  3 hobgoblins (D:1)
  3 jackals (D:2)
  6 kobolds
  A quokka (D:2)
  A ball python skeleton (Ossuary)
  3 bats
  4 frilled lizards
  A goblin zombie (D:4)
  A hobgoblin zombie (Ossuary)
  A kobold zombie (Ossuary)
  6 rats
729 creatures vanquished.

Vanquished Creatures (others)
  A draconian stormcaller (Depths:4)
  An ironbound preserver (Vaults:5)
  2 hydras
  A spriggan air mage (Depths:3)
  A large abomination (Abyss:3)
  A skeletal warrior (Depths:3)
  An iron troll (Depths:3)
  A deep elf pyromancer (Elf:3)
  4 elephants
  A komodo dragon (Lair:5)
  A blink frog (Lair:5)
  2 wraiths (Ossuary)
  3 yaks (Lair:4)
  2 humans (Spider:1)
  A water moccasin (Lair:2)
  3 orc warriors
  An ogre (D:6)
  A centaur (D:6)
  4 wights
  A killer bee (D:8)
  An ufetubus (D:7)
  An orc (D:7)
  A bush (Lair:4)
  6 foxfires
  57 fungi
  2 lurking horrors (Abyss:3)
  55 plants
  8 starspawn tentacles (Abyss:3)
  3 withered plants (D:15)
167 creatures vanquished.

Grand Total: 2546 creatures vanquished

Notes
Turn   | Place    | Note
-------+----------+-------------------------------------------
     0 | D:1      | Midpoint the Gnoll Summoner began the quest for the Orb.
     0 | D:1      | Reached XP level 1. HP: 13/13 MP: 6/6
   203 | D:1      | Reached XP level 2. HP: 19/19 MP: 5/7
   331 | D:1      | Reached skill level 5 in Spellcasting
   331 | D:1      | Reached XP level 3. HP: 21/25 MP: 7/9
   336 | D:1      | Learned a level 3 spell: Call Canine Familiar
   339 | D:1      | Learned a level 2 spell: Blink
   736 | D:2      | Reached skill level 1 in Invocations
   838 | D:2      | Reached skill level 1 in Fighting
   838 | D:2      | Reached skill level 1 in Short Blades
   838 | D:2      | Reached skill level 1 in Long Blades
   838 | D:2      | Reached skill level 1 in Axes
   838 | D:2      | Reached skill level 1 in Maces & Flails
   838 | D:2      | Reached skill level 1 in Polearms
   838 | D:2      | Reached skill level 1 in Staves
   838 | D:2      | Reached skill level 1 in Ranged Weapons
   838 | D:2      | Reached skill level 1 in Throwing
   838 | D:2      | Reached skill level 1 in Armour
   838 | D:2      | Reached skill level 1 in Shields
   838 | D:2      | Reached skill level 1 in Unarmed Combat
   838 | D:2      | Reached skill level 1 in Evocations
   958 | D:2      | Reached XP level 4. HP: 32/32 MP: 11/11
   986 | D:2      | Learned a level 3 spell: Summon Guardian Golem
  1052 | D:2      | Noticed Jessica
  1061 | D:2      | Killed Jessica
  1062 | D:2      | Reached skill level 1 in Conjurations
  1062 | D:2      | Reached skill level 1 in Hexes
  1062 | D:2      | Reached skill level 1 in Necromancy
  1062 | D:2      | Reached skill level 1 in Translocations
  1062 | D:2      | Reached skill level 1 in Transmutations
  1062 | D:2      | Reached skill level 1 in Fire Magic
  1062 | D:2      | Reached skill level 1 in Ice Magic
  1062 | D:2      | Reached skill level 1 in Air Magic
  1062 | D:2      | Reached skill level 1 in Earth Magic
  1062 | D:2      | Reached skill level 1 in Poison Magic
  1399 | D:3      | Found a burning altar of Makhleb.
  1611 | D:3      | Reached XP level 5. HP: 37/37 MP: 12/12
  1677 | D:3      | Found a faded altar of an unknown god.
  1683 | D:3      | Found a sacrificial altar of Ru.
  1949 | D:4      | Found a glowing golden altar of the Shining One.
  1983 | D:4      | Noticed THTSBRD's ghost (novice FoHu)
  2008 | D:4      | Found a runed translucent gate.
  2008 | D:4      | Found a runed translucent gate.
  2008 | D:4      | Found a runed translucent gate.
  2041 | D:4      | Noticed Grinder
  2042 | D:4      | Paralysed by Grinder for 2 turns
  2131 | D:4      | Noticed Pikel
  2131 | D:4      | Noticed a lemure
  2131 | D:4      | Noticed a lemure
  2148 | D:4      | Noticed a black bear
  2163 | D:4      | Noticed a lemure
  2171 | D:4      | Killed Pikel
  2172 | D:4      | Reached skill level 3 in Polearms
  2172 | D:4      | Reached skill level 5 in Dodging
  2172 | D:4      | Reached skill level 5 in Stealth
  2172 | D:4      | Reached XP level 6. HP: 23/46 MP: 11/14
  2172 | D:4      | Reached XP level 7. HP: 26/51 MP: 11/15
  2292 | D:4      | Found a sand-covered staircase.
  2300 | Ossuary  | Entered an ossuary
  2369 | Ossuary  | Learned a level 4 spell: Summon Lightning Spire
  2486 | Ossuary  | Noticed a wraith
  2486 | Ossuary  | Noticed a flying skull
  2495 | Ossuary  | Noticed a flying skull
  2520 | Ossuary  | Noticed a flying skull
  2521 | Ossuary  | Noticed a flying skull
  2526 | Ossuary  | Noticed a wraith
  2539 | Ossuary  | Noticed a wraith
  2592 | Ossuary  | Killed a wraith
  2593 | Ossuary  | Reached skill level 4 in Polearms
  2593 | Ossuary  | Reached XP level 8. HP: 58/58 MP: 16/16
  2919 | Ossuary  | Killed a wraith
  3453 | D:5      | Entered Level 5 of the Dungeon
  3557 | D:5      | Reached skill level 5 in Polearms
  3600 | D:5      | Identified the +6 whip "Death Rattle" {vorpal, rF++}
  3605 | D:5      | Found a staircase to the Ecumenical Temple.
  3614 | Temple   | Entered the Ecumenical Temple
  3614 | Temple   | Found a transporter.
  3614 | Temple   | Found a transporter.
  3616 | Temple   | Found a transporter.
  3616 | Temple   | Found a transporter.
  3660 | Temple   | Became a worshipper of Cheibriados the Contemplative
  3804 | D:5      | You fall into a shaft and drop 1 floor!
  3831 | D:6      | Reached XP level 9. HP: 61/65 MP: 18/18
  4192 | D:6      | Found Rebrar's General Store.
  4197 | D:6      | Bought a potion of heal wounds for 55 gold pieces
  4197 | D:6      | Bought a +2 pair of gloves for 181 gold pieces
  4385 | D:5      | Reached * piety under Cheibriados
  4645 | D:6      | Reached skill level 6 in Polearms
  4731 | D:6      | Found a white marble altar of Elyvilon.
  4916 | D:6      | Reached skill level 5 in Invocations
  5493 | D:7      | Found a flagged portal.
  5519 | Bailey   | Entered a bailey
  5596 | Bailey   | Reached ** piety under Cheibriados
  5697 | Bailey   | Noticed an orc knight
  5748 | Bailey   | Reached skill level 7 in Polearms
  5760 | Bailey   | Killed an orc knight
  5761 | Bailey   | Reached skill level 5 in Fighting
  5761 | Bailey   | Reached skill level 5 in Short Blades
  5761 | Bailey   | Reached skill level 5 in Long Blades
  5761 | Bailey   | Reached skill level 5 in Axes
  5761 | Bailey   | Reached skill level 5 in Maces & Flails
  5761 | Bailey   | Reached skill level 5 in Staves
  5761 | Bailey   | Reached skill level 5 in Ranged Weapons
  5761 | Bailey   | Reached skill level 5 in Throwing
  5761 | Bailey   | Reached skill level 5 in Armour
  5761 | Bailey   | Reached skill level 5 in Shields
  5761 | Bailey   | Reached skill level 5 in Unarmed Combat
  5761 | Bailey   | Reached skill level 5 in Evocations
  5761 | Bailey   | Reached XP level 10. HP: 74/74 MP: 20/20
  5842 | Bailey   | Noticed an orc knight
  5861 | Bailey   | Killed an orc knight
  6963 | D:7      | Found a shimmering altar of Xom.
  6972 | D:7      | Found a glowing silver altar of Zin.
  6972 | D:7      | Found a shadowy altar of Dithmenos.
  6973 | D:7      | Found an iron altar of Okawaru.
  7008 | D:7      | Found a shimmering blue altar of Sif Muna.
  7250 | D:8      | Reached skill level 8 in Polearms
  7285 | D:8      | Reached *** piety under Cheibriados
  7433 | D:8      | Found a staircase to the Lair.
  7546 | D:8      | Learned a level 3 spell: Ozocubu's Armour
  7592 | D:8      | Noticed an orange demon
  7593 | D:8      | Noticed a two-headed ogre
  7625 | Lair:1   | Entered Level 1 of the Lair of Beasts
  7633 | Lair:1   | Learned a level 4 spell: Cause Fear
  7673 | Lair:1   | Identified the +1 leather armour of Brilliance {rN+ Str+8
                  | Dex-2 SInv}
  7758 | Lair:1   | Noticed a black mamba
  7771 | Lair:1   | Killed a black mamba
  7772 | Lair:1   | Reached skill level 5 in Conjurations
  7772 | Lair:1   | Reached skill level 5 in Hexes
  7772 | Lair:1   | Reached skill level 5 in Necromancy
  7772 | Lair:1   | Reached skill level 5 in Translocations
  7772 | Lair:1   | Reached skill level 5 in Transmutations
  7772 | Lair:1   | Reached skill level 5 in Fire Magic
  7772 | Lair:1   | Reached skill level 5 in Ice Magic
  7772 | Lair:1   | Reached skill level 5 in Air Magic
  7772 | Lair:1   | Reached skill level 5 in Earth Magic
  7772 | Lair:1   | Reached skill level 5 in Poison Magic
  7772 | Lair:1   | Reached XP level 11. HP: 78/81 MP: 22/22
  8013 | Lair:1   | Found an ancient bone altar of Kikubaaqudgha.
  8023 | Lair:1   | Reached **** piety under Cheibriados
  8024 | Lair:1   | Reached skill level 9 in Polearms
  8470 | Lair:2   | Noticed a seven-headed hydra
  8481 | Lair:2   | Killed a seven-headed hydra
  8532 | Lair:2   | Noticed a five-headed hydra
  8546 | Lair:2   | Killed a five-headed hydra
  8549 | Lair:2   | Noticed an eight-headed hydra
  8562 | Lair:2   | Killed an eight-headed hydra
  8823 | Lair:2   | Noticed a six-headed hydra
  8912 | Lair:2   | Killed a six-headed hydra
  8913 | Lair:2   | Reached skill level 10 in Polearms
  8982 | Lair:2   | Reached XP level 12. HP: 91/91 MP: 24/24
  9015 | Lair:2   | Learned a level 5 spell: Manifold Assault
  9095 | Lair:2   | Found a staircase to the Swamp.
  9252 | Lair:3   | Reached ***** piety under Cheibriados
  9388 | Lair:3   | Found a hole to the Spider Nest.
  9430 | Lair:3   | Noticed a five-headed hydra
  9439 | Lair:3   | Killed a five-headed hydra
  9789 | Lair:3   | Noticed a four-headed hydra
  9799 | Lair:3   | Killed a four-headed hydra
  9800 | Lair:3   | Reached skill level 11 in Polearms
 10315 | Lair:3   | Reached XP level 13. HP: 73/98 MP: 14/26
 10378 | Lair:4   | Found an ornate altar of the Wu Jian Council.
 10378 | Lair:4   | Found a hide-covered altar of Uskayaw.
 10448 | Lair:4   | Reached skill level 10 in Summonings
 10465 | Lair:4   | Reached ****** piety under Cheibriados
 10733 | Lair:4   | Reached skill level 10 in Spellcasting
 10768 | Lair:4   | Reached skill level 12 in Polearms
 11029 | Lair:4   | Reached skill level 10 in Dodging
 11052 | Lair:4   | Found a viscous altar of Jiyva.
 11083 | Lair:4   | Found a staircase to the Slime Pits.
 11226 | Lair:5   | Entered Level 5 of the Lair of Beasts
 11353 | Lair:5   | Reached skill level 10 in Stealth
 11574 | Lair:5   | Reached XP level 14. HP: 103/108 MP: 28/28
 11596 | Lair:5   | Reached skill level 10 in Invocations
 11864 | Lair:5   | Reached skill level 13 in Polearms
 12223 | Lair:5   | Found a corrupted altar of Lugonu.
 12224 | Lair:5   | Found a one-way gate to the infinite horrors of the Abyss.
 12858 | D:8      | Noticed Amaemon
 13002 | D:8      | Killed Amaemon
 13303 | D:9      | Learned a level 6 spell: Death Channel
 13415 | D:9      | Identified the ring of False Pretenses {rElec SInv}
 13421 | D:9      | Identified the +1 short sword "Osabo" {venom, rElec rC+
                  | MP+9 Str-5}
 13911 | D:9      | Found a sparkling altar of Nemelex Xobeh.
 14102 | D:9      | Found a staircase to the Orcish Mines.
 14175 | D:10     | Entered Level 10 of the Dungeon
 14204 | D:10     | Noticed Nergalle
 14222 | D:10     | Killed Nergalle
 14232 | D:10     | Found a radiant altar of Vehumet.
 14265 | D:10     | Found an ancient bone altar of Kikubaaqudgha.
 14355 | D:10     | Found a bloodstained altar of Trog.
 14444 | D:10     | Noticed Urug
 14462 | D:10     | Killed Urug
 14463 | D:10     | Reached skill level 10 in Fighting
 14463 | D:10     | Reached skill level 10 in Short Blades
 14463 | D:10     | Reached skill level 10 in Long Blades
 14463 | D:10     | Reached skill level 10 in Axes
 14463 | D:10     | Reached skill level 10 in Maces & Flails
 14463 | D:10     | Reached skill level 10 in Staves
 14463 | D:10     | Reached skill level 10 in Ranged Weapons
 14463 | D:10     | Reached skill level 10 in Throwing
 14463 | D:10     | Reached skill level 10 in Armour
 14463 | D:10     | Reached skill level 10 in Shields
 14463 | D:10     | Reached skill level 10 in Unarmed Combat
 14463 | D:10     | Reached skill level 10 in Evocations
 14532 | D:10     | Noticed Grum
 14537 | D:10     | Killed Grum
 14823 | D:11     | Found the +2 Maxwell's thermic engine {flame, freeze}
 14900 | D:11     | Reached XP level 15. HP: 114/115 MP: 11/30
 14975 | D:11     | Reached skill level 14 in Polearms
 14997 | D:11     | Identified a scroll of acquirement
 15006 | D:11     | Learned a level 5 spell: Fireball
 15578 | D:11     | Found Neost's Distillery.
 15586 | D:11     | Bought a potion of heal wounds for 65 gold pieces
 15586 | D:11     | Bought a potion of curing for 39 gold pieces
 15586 | D:11     | Bought a potion of invisibility for 104 gold pieces
 16578 | D:13     | Identified the +0 ring mail of the Arena {rPois rN+ Regen+
                  | Int-4}
 17537 | D:14     | Got Ducvogis's Secrets of the Hyperbolic Chill
 17543 | D:14     | Found a gate to the Vaults.
 17815 | D:15     | Entered Level 15 of the Dungeon
 17963 | D:15     | Noticed THTSBRD's ghost (amateur FoHu)
 17963 | D:15     | Noticed a lich
 17965 | D:15     | Noticed an orc warlord
 17979 | D:15     | Found a staircase to the Depths.
 18559 | D:15     | Found a runed translucent door.
 18574 | D:15     | Found a runed translucent door.
 18945 | Orc:1    | Entered Level 1 of the Orcish Mines
 19136 | Orc:2    | Entered Level 2 of the Orcish Mines
 19136 | Orc:2    | Found a staircase to the Elven Halls.
 19323 | Orc:2    | Reached skill level 15 in Polearms
 19752 | Orc:1    | Upgraded the game from 0.29.1-13-g9f3cf754e1 to
                  | 0.29.1-14-g9c671dbff4
 19858 | Orc:2    | Learned a level 1 spell: Apportation
 19985 | Orc:2    | Reached XP level 16. HP: 124/124 MP: 13/32
 20487 | Orc:2    | Found Qockama's General Store.
 20488 | Orc:2    | Found Ihaan's Magic Scroll Shoppe.
 20526 | Orc:2    | Bought a scroll of identify for 34 gold pieces
 21361 | Orc:2    | Found Ruusch's Antique Armour Shop.
 21361 | Orc:2    | Found Ewaph's Book Boutique.
 21361 | Orc:2    | Found a one-way gate leading to the halls of Pandemonium.
 21377 | Orc:2    | Bought the +3 pair of gauntlets of War {Slay+5} for 1567
                  | gold pieces
 21377 | Orc:2    | Found the +3 pair of gauntlets of War {Slay+5}
 21452 | Elf:1    | Entered Level 1 of the Elven Halls
 22241 | Elf:2    | Found a runed translucent door.
 22246 | Elf:2    | Noticed Fuonemn's ghost (veteran DDBe)
 22360 | Elf:2    | Found a runed translucent gate.
 22360 | Elf:2    | Found a runed translucent gate.
 22361 | Elf:2    | Found a runed translucent gate.
 22433 | Elf:2    | Found Ymnourgh's Book Shoppe.
 22434 | Elf:2    | Found Udoxzi's Jewellery Boutique.
 22436 | Elf:2    | Found Nodugu's Book Shoppe.
 22447 | Elf:2    | Bought the ring "Nutue" {Wiz Contam rPois rC+} for 596 gold
                  | pieces
 22454 | Elf:2    | Acquired the ring of Omnen {Will+ rCorr Dex+2}
 22610 | D:9      | Learned a level 7 spell: Ozocubu's Refrigeration
 22757 | Swamp:1  | Entered Level 1 of the Swamp
 22781 | Swamp:1  | Reached skill level 16 in Polearms
 23114 | Swamp:1  | Reached XP level 17. HP: 133/133 MP: 23/33
 23324 | Swamp:2  | Reached skill level 10 in Conjurations
 23324 | Swamp:2  | Reached skill level 10 in Hexes
 23324 | Swamp:2  | Reached skill level 10 in Necromancy
 23324 | Swamp:2  | Reached skill level 10 in Translocations
 23324 | Swamp:2  | Reached skill level 10 in Transmutations
 23324 | Swamp:2  | Reached skill level 10 in Fire Magic
 23324 | Swamp:2  | Reached skill level 10 in Ice Magic
 23324 | Swamp:2  | Reached skill level 10 in Air Magic
 23324 | Swamp:2  | Reached skill level 10 in Earth Magic
 23324 | Swamp:2  | Reached skill level 10 in Poison Magic
 23726 | Swamp:2  | Acquired 631 gold pieces
 24777 | Swamp:4  | Entered Level 4 of the Swamp
 25414 | Swamp:4  | Reached skill level 17 in Polearms
 25544 | Swamp:4  | Got a decaying rune of Zot
 25802 | Swamp:4  | Found an ancient bone altar of Kikubaaqudgha.
 25805 | Swamp:4  | Identified the +1 ring mail "Ahoqibix" {rN+}
 26175 | Swamp:4  | Reached XP level 18. HP: 141/141 MP: 10/35
 26337 | Spider:1 | Entered Level 1 of the Spider Nest
 26337 | Spider:1 | Noticed Kirke
 26346 | Spider:1 | Killed Kirke
 26901 | Spider:1 | Noticed Nikola
 26915 | Spider:1 | Killed Nikola
 27327 | Spider:1 | Found a runed translucent gate.
 27327 | Spider:1 | Found a runed translucent gate.
 27328 | Spider:1 | Found a runed translucent gate.
 27328 | Spider:1 | Noticed Agrostarius's ghost (journeyman MiFi)
 27328 | Spider:1 | Noticed nroviw's ghost (journeyman MiFi)
 27342 | Spider:1 | Killed Agrostarius's ghost
 27353 | Spider:1 | Killed nroviw's ghost
 27620 | Spider:2 | Found a transporter.
 27717 | Spider:2 | Found a transporter.
 28369 | Spider:2 | Reached skill level 18 in Polearms
 29020 | Spider:3 | Reached XP level 19. HP: 149/149 MP: 3/37
 29235 | Spider:3 | Noticed Mara
 29245 | Spider:3 | Noticed Midpoint's illusion
 29266 | Spider:3 | Killed Mara
 29535 | Spider:3 | Learned a level 5 spell: Borgnjor's Vile Clutch
 29583 | Spider:4 | Entered Level 4 of the Spider Nest
 29583 | Spider:4 | Noticed Bai Suzhen
 29954 | Spider:4 | Noticed Roxanne
 30062 | Spider:4 | Killed Bai Suzhen
 30350 | Spider:4 | Killed Roxanne
 30904 | Spider:4 | Identified the +1 hat of Neeghiacs {rC+ Will+}
 30925 | Spider:4 | Got a gossamer rune of Zot
 31283 | D:4      | Killed THTSBRD's ghost
 31790 | Elf:2    | Reached skill level 15 in Invocations
 31814 | Elf:2    | Reached skill level 19 in Polearms
 31829 | Elf:2    | Noticed Louise
 31830 | Abyss:3  | Cast into level 3 of the Abyss (Louise)
 31876 | Abyss:3  | Found a shimmering blue altar of Sif Muna.
 31907 | Abyss:3  | Identified the amulet "Seehe" {RegenMP *Corrode Str+3
                  | Int+2}
 31926 | Abyss:3  | Got the Tome of Apparitions
 31929 | Abyss:3  | Acquired 1261 gold pieces
 32091 | Abyss:3  | Reached XP level 20. HP: 155/158 MP: 35/38
 32188 | Abyss:3  | Reached skill level 15 in Staves
 32260 | Elf:2    | Escaped the Abyss
 32270 | Elf:2    | Killed Louise
 32729 | Elf:2    | Noticed Asterion
 32855 | Elf:3    | Entered Level 3 of the Elven Halls
 33100 | Elf:3    | Learned a level 6 spell: Eringya's Noxious Bog
 33372 | Elf:3    | Reached skill level 15 in Spellcasting
 33857 | Elf:3    | Identified the ring of the Swan {*Slow rElec rF+++ rCorr
                  | Int+2}
 33898 | Elf:3    | Reached skill level 15 in Dodging
 33953 | Abyss:3  | Found a corrupted altar of Lugonu.
 33953 | Abyss:3  | Cast into level 3 of the Abyss (a deep elf demonologist)
 33995 | Abyss:3  | Reached skill level 15 in Stealth
 34104 | Abyss:3  | Found a hide-covered altar of Uskayaw.
 34119 | Abyss:3  | Noticed a bone dragon
 34125 | Abyss:3  | Noticed a profane servitor
 34139 | Abyss:3  | Killed a profane servitor
 34178 | Elf:3    | Escaped the Abyss
 34240 | Elf:3    | Got Uneqify's Tome of the Inferno and Shapes
 34284 | Elf:3    | Identified the +4 spear of the Thirsty Wonders {freeze,
                  | Str-5 Int-2 Dex+10 Stlth+}
 34410 | Elf:3    | Identified the amulet of the Burning Gods {Reflect rElec
                  | rF- rC- Dex+9 SH+5}
 34411 | Elf:3    | Identified the +1 robe "Halyor" {+Inv}
 34430 | Elf:3    | Identified the +5 hand axe of Foolhardiness {speed, rCorr
                  | Dex+2 Stlth+}
 34431 | Elf:3    | Identified the +8 ice dragon scales of Discretion {rElec
                  | rF- rC++ Will++ Int-3}
 34439 | Elf:3    | Identified the ring "Semn" {*Corrode Drain rN+++ MP+9
                  | Str+8}
 34836 | Vaults:1 | Entered Level 1 of the Vaults
 34968 | Vaults:1 | Reached skill level 20 in Polearms
 34978 | Vaults:1 | Reached XP level 21. HP: 156/166 MP: 18/40
 35436 | Vaults:1 | Reached skill level 15 in Fighting
 35719 | Vaults:1 | Reached skill level 15 in Summonings
 35852 | Vaults:2 | Found Fuilesep's Antique Weapon Shoppe.
 36188 | Vaults:2 | Reached skill level 15 in Short Blades
 36188 | Vaults:2 | Reached skill level 15 in Long Blades
 36188 | Vaults:2 | Reached skill level 15 in Axes
 36188 | Vaults:2 | Reached skill level 15 in Maces & Flails
 36188 | Vaults:2 | Reached skill level 15 in Ranged Weapons
 36188 | Vaults:2 | Reached skill level 15 in Throwing
 36188 | Vaults:2 | Reached skill level 15 in Armour
 36188 | Vaults:2 | Reached skill level 15 in Shields
 36188 | Vaults:2 | Reached skill level 15 in Unarmed Combat
 36188 | Vaults:2 | Reached skill level 15 in Evocations
 36559 | Vaults:2 | Noticed jlumianski's ghost (veteran KoBe)
 36560 | Vaults:2 | Found a runed translucent gate.
 36560 | Vaults:2 | Found a runed translucent gate.
 36560 | Vaults:2 | Found a runed translucent gate.
 36560 | Vaults:2 | Found an ancient bone altar of Kikubaaqudgha.
 36560 | Vaults:2 | Noticed an ancient lich
 36560 | Vaults:2 | Noticed Yjimoseergh's ghost (adept SpFE)
 36560 | Vaults:2 | Noticed eruonna's ghost (veteran HOBe)
 37311 | Vaults:3 | Reached XP level 22. HP: 177/177 MP: 25/42
 37368 | Vaults:3 | Noticed Xtahua
 37382 | Vaults:3 | Killed Xtahua
 37718 | Abyss:3  | Cast into level 3 of the Abyss (orc warlord)
 37777 | Abyss:3  | Reached skill level 21 in Polearms
 37972 | Abyss:3  | Got an abyssal rune of Zot
 38267 | Abyss:3  | Found a corrupted altar of Lugonu.
 38457 | Vaults:3 | Escaped the Abyss
 38655 | Vaults:3 | Found a staircase to the Crypt.
 38655 | Vaults:3 | Found an ancient bone altar of Kikubaaqudgha.
 38655 | Vaults:3 | Found a basalt altar of Yredelemnul.
 38843 | Vaults:4 | Found Kaddur's Weapon Boutique.
 38932 | Vaults:4 | Found Qezaz's General Store.
 38950 | Vaults:4 | Bought a potion of heal wounds for 75 gold pieces
 39024 | Vaults:4 | Found Keurej's Weapon Boutique.
 39305 | Vaults:4 | Found Pabiesumm's Armour Shoppe.
 39485 | Vaults:4 | Identified the +4 trident "Killer Klown's Bane" {flame,
                  | rF++ rN+}
 39557 | Vaults:4 | Found Ongesse's Magic Scroll Shop.
 39565 | Vaults:4 | Bought a scroll of amnesia for 68 gold pieces
 39578 | Vaults:4 | Learned a level 8 spell: Summon Horrible Things
 39929 | Depths:1 | Entered Level 1 of the Depths
 39972 | Depths:1 | Identified the +0 leather armour "Jocyh" {rN+ MP+9 Str+5
                  | Int-4}
 40111 | Depths:1 | Found a gateway to Hell.
 40425 | Depths:1 | Found Nemish's Distillery.
 40552 | Depths:1 | Identified the +4 hand axe "Ketaek" {vorpal, Drain rPois
                  | rC++ MP+9 Stlth+}
 40554 | Depths:1 | Identified the +10 hand axe of Nemelex Xobeh's Grace
                  | {spect, rElec rPois rCorr Dex+2}
 40809 | Depths:1 | Found Ycuuh's Armour Shoppe.
 40855 | Depths:1 | You fall into a shaft and drop 1 floor!
 40934 | Depths:2 | Reached XP level 23. HP: 188/188 MP: 17/43
 41900 | Depths:3 | Reached skill level 22 in Polearms
 41919 | Depths:3 | Found a white marble altar of Elyvilon.
 42111 | Depths:3 | Found a hazy altar of Hepliaklqana.
 42211 | Depths:3 | Noticed a caustic shrike
 42213 | Depths:3 | Noticed a caustic shrike
 42213 | Depths:3 | Noticed a caustic shrike
 42223 | Depths:3 | Killed a caustic shrike
 42224 | Depths:3 | Killed a caustic shrike
 42226 | Depths:3 | Killed a caustic shrike
 42317 | Depths:3 | Found an iron altar of Okawaru.
 42319 | Depths:3 | Found a one-way gateway to a ziggurat.
 42431 | Depths:3 | Found a bloodstained altar of Trog.
 42509 | Depths:3 | Noticed a juggernaut
 42521 | Depths:3 | Killed a juggernaut
 42528 | Depths:3 | Noticed a dread lich
 42536 | Depths:3 | Noticed a golden dragon
 43038 | Depths:3 | Killed a golden dragon
 43158 | Depths:3 | Identified the +8 chain mail of Odghonki {Contam Rampage
                  | SInv}
 43538 | Depths:3 | Killed a dread lich
 43582 | Depths:3 | Learned a level 7 spell: Spellforged Servitor
 43621 | Depths:4 | Entered Level 4 of the Depths
 43636 | Depths:4 | Reached XP level 24. HP: 199/199 MP: 6/44
 43943 | Depths:4 | Found a broken altar of Ashenzari.
 44203 | Depths:4 | Found Fekhlu's Jewellery Boutique.
 44217 | Depths:4 | Found Oklun's Distillery.
 44239 | Depths:4 | Bought a potion of magic for 120 gold pieces
 44239 | Depths:4 | Bought a potion of brilliance for 60 gold pieces
 44239 | Depths:4 | Bought a potion of curing for 45 gold pieces
 44372 | Depths:4 | Found a gate to the Realm of Zot.
 44604 | Depths:4 | Acquired the ring "Vion" {rN+ Will+ Dex+4}
 45221 | Spider:1 | Learned a level 6 spell: Iron Shot
 45343 | Slime:1  | Entered Level 1 of the Pits of Slime
 45405 | Slime:2  | Reached skill level 23 in Polearms
 45561 | Slime:5  | Entered Level 5 of the Pits of Slime
 46016 | Slime:5  | Noticed the Royal Jelly
 46019 | Slime:5  | Found a viscous altar of Jiyva.
 46026 | Slime:5  | Killed the Royal Jelly
 46201 | Slime:5  | Found the +9 sword of Zonguldrok {reap}
 46205 | Slime:5  | Got Wuenof's Compilation of Warped Clouds
 46234 | Slime:5  | Got a slimy rune of Zot
 46235 | Slime:5  | Identified the +3 kite shield "Juebirus" {Int+3}
 46238 | Slime:5  | Identified the +6 broad axe "Unedainey" {drain, Will++}
 46245 | Slime:5  | Identified the +10 arbalest "Ustuript" {speed, Fly rC-
                  | Str+8 Int-2}
 46303 | Slime:5  | Got Mestoh's Almanac of Hexes and Cold
 46740 | D:15     | Killed THTSBRD's ghost
 47113 | Vaults:5 | Entered Level 5 of the Vaults
 47122 | Vaults:5 | Reached XP level 25. HP: 202/208 MP: 8/44
 47340 | Vaults:5 | Acquired 943 gold pieces
 47543 | Vaults:5 | Found the +7 Spriggan's Knife {stab, EV+4 Stlth+}
 47550 | Vaults:5 | Identified the +1 plate armour of Voniolim {Rampage rC-
                  | Dex+4 SInv}
 47554 | Vaults:5 | Identified the ring of Hal Joli {rPois rF- rC- Will+ rCorr}
 47689 | Vaults:5 | Noticed a dread lich
 47696 | Vaults:5 | Killed a dread lich
 47710 | Vaults:5 | Noticed a dread lich
 47714 | Vaults:5 | Killed a dread lich
 47715 | Vaults:5 | Reached skill level 15 in Conjurations
 47715 | Vaults:5 | Reached skill level 15 in Hexes
 47715 | Vaults:5 | Reached skill level 15 in Necromancy
 47715 | Vaults:5 | Reached skill level 15 in Translocations
 47715 | Vaults:5 | Reached skill level 15 in Transmutations
 47715 | Vaults:5 | Reached skill level 15 in Fire Magic
 47715 | Vaults:5 | Reached skill level 15 in Ice Magic
 47715 | Vaults:5 | Reached skill level 15 in Air Magic
 47715 | Vaults:5 | Reached skill level 15 in Earth Magic
 47715 | Vaults:5 | Reached skill level 15 in Poison Magic
 47727 | Vaults:5 | Found Wynuh's Magic Scroll Shop.
 47727 | Vaults:5 | Found Lysy Reqino's Magic Scroll Emporium.
 47738 | Vaults:5 | Bought a scroll of enchant armour for 172 gold pieces
 47759 | Vaults:5 | Found Zeageuka's Magic Scroll Shoppe.
 47771 | Vaults:5 | Found Ureps's Magic Scroll Shoppe.
 47777 | Vaults:5 | Found Ezuigap's Distillery.
 47800 | Vaults:5 | Found Onaithral's Distillery.
 47825 | Vaults:5 | Got a silver rune of Zot
 47830 | Vaults:5 | Found Loefefiu's Magic Scroll Emporium.
 47839 | Vaults:5 | Found Ityridghi's Magic Scroll Shop.
 48023 | Vaults:5 | Reached skill level 24 in Polearms
 48037 | Vaults:5 | Identified the +2 buckler of Demons {Dex+3}
 48178 | Vaults:5 | Identified the ring "Kora Mem" {rElec rPois Will+}
 48223 | Vaults:5 | Identified the ring of Tiawnug {+Blink rF+ Int-2 Dex+9}
 48261 | Vaults:5 | Identified the +7 great sword of Fate {speed, Contam Int+3
                  | Dex+3}
 48478 | Vaults:5 | Acquired the +14 crystal plate armour of Indomitability
                  | {rC+++ rN++ Str+2 Int-2}
 48522 | Vaults:5 | Bought a scroll of acquirement for 1092 gold pieces
 48522 | Vaults:5 | Bought a scroll of acquirement for 1092 gold pieces
 48522 | Vaults:5 | Acquired 765 gold pieces
 48523 | Vaults:5 | Acquired 986 gold pieces
 48835 | Zot:1    | Entered Level 1 of the Realm of Zot
 48835 | Zot:1    | You fall into a shaft and drop 1 floor!
 48837 | Zot:2    | Noticed an orb of fire
 48844 | Zot:2    | Gained mutation: You are resistant to electric shocks.
                  | (rElec) [an orb of fire]
 48846 | Zot:2    | Killed an orb of fire
 49085 | Zot:1    | Reached XP level 26. HP: 217/220 MP: 26/45
 49147 | Zot:2    | Noticed an orb of fire
 49352 | Zot:2    | Killed an orb of fire
 50135 | Zot:2    | Noticed an orb of fire
 50135 | Zot:2    | Gained mutation: You are clumsy. (Dex -2) [an orb of fire]
 50147 | Zot:2    | Killed an orb of fire
 50516 | Zot:3    | Noticed a Killer Klown
 50531 | Zot:3    | Killed a Killer Klown
 50827 | Zot:3    | Reached skill level 25 in Polearms
 51048 | Zot:3    | Noticed an orb of fire
 51066 | Zot:3    | Killed an orb of fire
 51073 | Zot:3    | Identified the +0 gold dragon scales "Wogud" {Rampage Drain
                  | rElec rPois rF+ rC+ Dex+6}
 51079 | Zot:3    | Found Fuilesep's Changing Room.
 51197 | Zot:3    | Acquired the +8 arbalest "Killer Bee's Bane" {penet, Dex+7}
 51279 | Zot:3    | Identified the +6 longbow "Xiekoguj" {flame, +Blink SInv
                  | Stlth+}
 51287 | Zot:3    | Identified the +5 mace "Vegi" {drain, *Rage rN+ Str+3}
 51360 | Zot:4    | Noticed a Killer Klown
 51366 | Zot:4    | Killed a Killer Klown
 51430 | Zot:4    | Found the +4 dragonskin cloak
 51430 | Zot:4    | Noticed Tiamat
 51448 | Zot:4    | Reached XP level 27. HP: 170/230 MP: 19/46
 51459 | Zot:4    | Killed Tiamat
 52033 | Zot:3    | Learned a level 8 spell: Lehudib's Crystal Spear
 52088 | Zot:5    | Entered Level 5 of the Realm of Zot
 52202 | Zot:5    | Found Doleomeps's Last-Chance Deals.
 52210 | Zot:5    | Bought the +7 hand crossbow "Ubakhekk" {venom, *Slow rElec
                  | Dex+7} for 1 gold piece
 52210 | Zot:5    | Bought the +9 hand crossbow of Uskayaw's Delight {venom,
                  | rC+ Will- Int+3 SInv} for 1 gold piece
 52387 | Zot:5    | Noticed a dread lich
 52396 | Zot:5    | Killed a dread lich
 52568 | Zot:5    | Noticed an ancient lich
 52572 | Zot:5    | Killed an ancient lich
 52581 | Zot:5    | Noticed a dread lich
 52583 | Zot:5    | Noticed a dread lich
 52585 | Zot:5    | Killed a dread lich
 52587 | Zot:5    | Killed a dread lich
 52727 | Zot:5    | Noticed an orb of fire
 52760 | Zot:5    | Killed an orb of fire
 52878 | Zot:5    | Noticed a dread lich
 52884 | Zot:5    | Killed a dread lich
 52992 | Zot:5    | Noticed an ancient lich
 53008 | Zot:5    | Killed an ancient lich
 53240 | Zot:5    | Noticed a dread lich
 53246 | Zot:5    | Killed a dread lich
 53296 | Zot:5    | Reached skill level 26 in Polearms
 53352 | Zot:5    | Noticed an orb of fire
 53359 | Zot:5    | Killed an orb of fire
 53616 | Zot:5    | Noticed an orb of fire
 53620 | Zot:5    | Gained mutation: Your spells are a little easier to cast,
                  | but a little less powerful. [an orb of fire]
 53621 | Zot:5    | Noticed an ancient lich
 53624 | Zot:5    | Noticed a dread lich
 53627 | Zot:5    | Gained mutation: You are frail. (-10% HP) [an orb of fire]
 53630 | Zot:5    | Killed an orb of fire
 53631 | Zot:5    | Killed an ancient lich
 53642 | Zot:5    | Killed a dread lich
 53647 | Zot:5    | Noticed a dread lich
 53656 | Zot:5    | Killed a dread lich
 53878 | Zot:5    | Learned a level 2 spell: Passwall
 53881 | Zot:5    | Learned a level 2 spell: Sublimation of Blood
 53907 | Zot:5    | Got the Orb of Zot
 54407 | D:$      | Escaped with the Orb!

Illustrated notes

Levels and vault maps discovered:
D:1:      elethiomel_arrival_quiet, layout_basic, st_stairs_8
D:2:      layout_rooms, minmay_randomly_rotated_circles, uniq_jessica
D:3:      layout_loops_ring, nicolae_overflow_ecumenical_swirl, bloody_makhleb
D:4:      layout_cave_pods, lemuel_crystal_altar, gammafunk_ghost_icy,
          enter_ossuary_4, minmay_door_square, uniq_grinder, uniq_pikel
D:5:      layout_basic, minmay_temple_entry_antechambers, minmay_misc_feat_alley
D:6:      layout_layer_cave, mainiacjoe_overflow_alcove_2, serial_shops,
          nicolae_shop_waterfront, minmay_misc_feat_room
D:7:      layout_basic, minitemple, led_sif_pool, enter_bailey_2,
          chequers_serial_rivers_small_3
D:8:      layout_basic, erik_lair_orcish_takeover, uniq_amaemon
D:9:      layout_basic, mainiacjoe_overflow_alcove_4, david_orc_4
D:10:     layout_small_grid, vehumet_altar_wand_db, lemuel_crystal_altar,
          kennysheep_little_box, special_room [special_room_orc], uniq_urug,
          uniq_grum, uniq_nergalle
D:11:     hangedman_screamer, layout_small_grid, serial_shops,
          nicolae_shop_advertising_works [nicolae_subvault_shop_adworks]
D:12:     layout_basic
D:13:     layout_basic
D:14:     layout_small_grid, david_vaults_4
D:15:     gammafunk_depths_entry_grave, layout_basic, nicolae_benzene_ring,
          muffindrake_ghost_dual_entry
Temple:   hellmonk_temple_divided_pantheon
Lair:1:   layout_hall_layers, basic_altar
Lair:2:   layout_regular_city, palyth_hydra_swamp_entry,
          hangedman_lair_unloving_vines, grunt_megastairs_5
Lair:3:   layout_concentric_octagons, nicolae_spider_entry_non_spiders
Lair:4:   layout_hall_layers, dpeg_slime_entry_corner,
          nzn_masters_of_martial_movement, grunt_megastairs_1, lemuel_fruit_tree
Lair:5:   hellmonk_lair_end_abyssal_woods, layout_loops_ring
Swamp:1:  layout_basic_swamp, evilmike_swamp_ruin_house_5, swamp_pool3
Swamp:2:  layout_falls_marsh, evilmike_swamp_ruin_house_2, swamp_pool4
Swamp:3:  layout_basic_swamp, evilmike_swamp_ruin_house_3
Swamp:4:  swamp, layout_basic_swamp, grunt_ruined_hall
Spider:1: layout_spider_delve, gammafunk_ghost_cemetery,
          nicolae_spider_baby_got_redback, uniq_nikola, uniq_kirke
Spider:2: gammafunk_boulding_lane, nicolae_spider_paper_wasps
Spider:3: layout_cave_pods, uniq_mara
Spider:4: grunt_spider_rune_circles, hangedman_spider_tarantella_strand,
          uniq_bai_suzhen, uniq_roxanne
Slime:1:  layout_caves
Slime:2:  layout_caves
Slime:3:  layout_caves, nicolae_slime_barrier
Slime:4:  layout_caves
Slime:5
Orc:1:    layout_diamond_mine
Orc:2:    pf_orc_diabolical, layout_caves, minmay_orc_temple_c
Elf:1:    minmay_elf_arrival_circle, layout_rooms, hangedman_corner_corridor
Elf:2:    nicolae_elf_blades_splatter_lattice [grunt_blade_entry_basic],
          layout_loops_corners, hellmonk_ghost_big_iron, minmay_shop_grove,
          uniq_louise, uniq_asterion
Elf:3:    grunt_elf_hall_asides, layout_onion_city
Vaults:1: grunt_vaults_swirl, v_misc_2, ontoclasm_vaults_claustrophobia,
          nicolae_vaults_quartermaster, vaults_dpeg_hooks, v_rooms_2, v_rooms_1,
          vaults_mumra_hex, ontoclasm_vaults_gateway, ontoclasm_vaults_fault,
          nicolae_vaults_mini_display_case, nicolae_vaults_theta,
          layout_vaults_ring
Vaults:2: gammafunk_ghost_crypt, hangedman_vaults_river_flow, v_misc_29,
          nicolae_vaults_little_squares_1, v_misc_11, hangedman_vaults_stagger,
          nicolae_vaults_triangles, special_room_vaults [special_room_orc],
          nicolae_vaults_little_squares_1, vaults_room_semicircle, v_misc_8,
          vaults_room_octagon, vaults_dpeg_cross, nicolae_vaults_gold_heap,
          grunt_vaults_funnel, nicolae_vaults_asterisk, layout_vaults_omnibox,
          serial_shops, nicolae_square_shop
Vaults:3: minmay_crypt_entry_necro_gods, v_misc_1, v_misc_24, serial_ice_h,
          nicolae_vaults_network_quinsquares
          [nicolae_vaults_network_quincunx_subvault,
          nicolae_vaults_network_quincunx_subvault,
          nicolae_vaults_network_quincunx_subvault,
          nicolae_vaults_network_quincunx_subvault], ontoclasm_vaults_pinch,
          nicolae_vaults_little_squares_5, v_misc_29, v_misc_10,
          ontoclasm_vaults_chip, layout_vaults_big_room, uniq_xtahua
Vaults:4: vaults_standard_mumra_lines, nicolae_vaults_network_square,
          ontoclasm_vaults_misaligned, vaults_room_semicircle, v_misc_19,
          v_misc_28, nicolae_vaults_ring_of_whatevers, v_misc_18,
          vaults_room_corners, layout_vaults_omnigrid, serial_shops,
          shop_fountains, shop, shop, shop_fountains, shop_statue
Vaults:5: serial_shops
Depths:1: layout_honeycomb, hell_entry, minmay_misc_feat_tiny,
          evilmike_butchery, minmay_shop_star
Depths:2: grated_community_mu [grated_community_mu_vampire_home,
          grated_community_mu_giant_home, grated_community_mu_spellcaster_home,
          grated_community_mu_orcish_home, grated_community_mu_troll_home,
          grated_community_mu_taur_home, grated_community_mu_unbuilt_plot],
          layout_gridlike, rand_demon_pan_entry_3, hell_entry,
          serial_sigils_hangedman_confine, infiniplex_staircase_zigzag_4
Depths:3: grunt_profane_halls [grunt_profane_temple_coc,
          grunt_profane_temple_dis, grunt_profane_temple_geh,
          grunt_profane_temple_tar, grunt_profane_loot], hell_entry, abyss_entry
Depths:4: evilmike_zot_entry_argh, layout_honeycomb, hell_entry,
          nicolae_ashenzari_panopticon, rand_demon_pan_entry_4,
          serial_bayou_shore_b, minmay_shoptagon
Zot:1:    layout_misc_corridors, st_small_dragon_hoard_1
Zot:2:    layout_gridlike, lemuel_flame_loot_1
Zot:3:    layout_misc_corridors, nicolae_transmutations_shop, grunt_megastairs_4
Zot:4:    layout_gridlike, st_stairs_7, uniq_tiamat
Zot:5:    layout_misc_corridors, hellmonk_bargain_basement

Skill      XL: |  1  2  3  4  5  6  7  8  9 10 11 12 13 14 15 16 17 18 19 20 21 22 23 24 25 26 27 |
---------------+----------------------------------------------------------------------------------+-----
Spellcasting   | 5 6 7 8 9 10 11 12 13 14 15 16 17 18 19 20 | 20.0
Invocations    | 1 2 3 4 5 6 7 8 9 10 11 12 13 14 15 16 17 18 19 20 21 | 21.0
Fighting       | 1 2 3 5 6 7 8 9 10 11 12 13 14 15 17 18 19 20 21 23 | 23.0
Short Blades   | 1 2 3 5 6 7 8 9 10 11 12 13 14 15 16 17 18 19 | 19.4
Long Blades    | 1 2 3 5 6 7 8 9 10 11 12 13 14 15 16 17 18 19 | 19.4
Axes           | 1 2 3 5 6 7 8 9 10 11 12 13 14 15 16 17 18 19 | 19.4
Maces & Flails | 1 2 3 5 6 7 8 9 10 11 12 13 14 15 16 17 18 19 | 19.4
Polearms       | 1 3 4 5 7 8 10 11 12 13 15 16 17 18 19 20 21 22 23 24 25 26 | 26.3
Staves         | 1 2 3 5 6 7 8 9 10 11 12 13 14 16 17 18 19 20 21 22 23 | 23.9
Ranged Weapons | 1 2 3 5 6 7 8 9 10 11 12 13 14 15 16 17 18 19 | 19.4
Throwing       | 1 2 3 5 6 7 8 9 10 11 12 13 14 15 16 17 18 19 | 19.4
Armour         | 1 2 3 5 6 7 8 9 10 11 12 13 14 15 16 17 18 19 | 19.4
Shields        | 1 2 3 5 6 7 8 9 10 11 12 13 14 15 16 17 18 19 | 19.4
Unarmed Combat | 1 2 3 5 6 7 8 9 10 11 12 13 14 15 16 17 18 19 | 19.4
Evocations     | 1 2 3 5 6 7 8 9 10 11 12 13 14 15 16 17 18 19 | 19.4
Conjurations   | 1 2 3 4 5 6 7 8 9 10 11 12 13 14 15 16 | 16.6
Hexes          | 1 2 3 4 5 6 7 8 9 10 11 12 13 14 15 16 | 16.6
Necromancy     | 1 2 3 4 5 6 7 8 9 10 11 12 13 14 15 16 | 16.6
Translocations | 1 2 3 4 5 6 7 8 9 10 11 12 13 14 15 16 | 16.6
Transmutations | 1 2 3 4 5 6 7 8 9 10 11 12 13 14 15 16 | 16.6
Fire Magic     | 1 2 3 4 5 6 7 8 9 10 11 12 13 14 15 16 | 16.6
Ice Magic      | 1 2 3 4 5 6 7 8 9 10 11 12 13 14 15 16 | 16.6
Air Magic      | 1 2 3 4 5 6 7 8 9 10 11 12 13 14 15 16 | 16.6
Earth Magic    | 1 2 3 4 5 6 7 8 9 10 11 12 13 14 15 16 | 16.6
Poison Magic   | 1 2 3 4 5 6 7 8 9 10 11 12 13 14 15 16 | 16.6
Dodging        | 5 6 7 8 9 10 11 12 13 14 15 16 17 18 19 | 19.9
Stealth        | 5 6 7 8 9 10 11 12 13 14 15 16 17 18 19 | 19.8
Summonings     | 8 9 10 11 12 13 14 15 16 17 18 19 20 21 | 21.0

Action                   |  1- 3 |  4- 6 |  7- 9 | 10-12 | 13-15 | 16-18 | 19-21 | 22-24 | 25-27 || total
-------------------------+-------+-------+-------+-------+-------+-------+-------+-------+-------++-------
Melee: Unarmed           |     4 |       |       |       |       |       |       |       |       ||     4
       Bite              |     1 |       |     9 |    25 |    68 |    61 |    80 |   128 |    97 ||   469
       Spear             |    21 |     6 |       |       |       |       |       |       |       ||    27
       Punch             |     1 |       |     3 |     6 |    20 |    33 |    12 |       |       ||    75
       Whip              |       |     8 |    95 |       |       |       |       |       |       ||   103
       Trident           |       |       |    33 |   248 |   264 |       |       |       |       ||   545
       Glaive            |       |       |       |       |   198 |   175 |       |       |       ||   373
       Double sword      |       |       |       |       |   315 |   570 |   879 |  1105 |   930 ||  3799
       Scimitar          |       |       |       |       |       |       |       |       |     8 ||     8
 Fire: Hand crossbow     |       |       |       |       |       |       |       |       |   107 ||   107
Throw: Stone             |       |       |     1 |       |       |       |       |       |       ||     1
       Dart              |       |       |       |     5 |     6 |       |       |       |       ||    11
       Boomerang         |       |       |       |       |     2 |    96 |    72 |    30 |   146 ||   346
       Javelin           |       |       |       |       |       |       |       |       |    18 ||    18
 Cast: Summon Small Mamm |    20 |     6 |     8 |     4 |       |       |       |       |       ||    38
       Call Canine Famil |     5 |    11 |    31 |    41 |    73 |    12 |       |       |       ||   173
       Blink             |       |     3 |     3 |     2 |     6 |     3 |     1 |     3 |       ||    21
       Summon Guardian G |       |     1 |    11 |    15 |    10 |       |       |       |       ||    37
       Summon Lightning  |       |       |    12 |    50 |   103 |    86 |    27 |     2 |       ||   280
       Manifold Assault  |       |       |       |    16 |   120 |   171 |   135 |   170 |   197 ||   809
       Ozocubu's Armour  |       |       |       |     9 |    42 |    32 |    39 |    13 |     4 ||   139
       Death Channel     |       |       |       |       |    30 |    32 |    23 |    11 |       ||    96
       Cause Fear        |       |       |       |       |     1 |       |       |       |       ||     1
       Apportation       |       |       |       |       |     3 |    58 |    94 |    61 |    54 ||   270
       Fireball          |       |       |       |       |     3 |     5 |     3 |     1 |       ||    12
       Ozocubu's Refrige |       |       |       |       |       |    11 |    17 |    36 |     5 ||    69
       Borgnjor's Vile C |       |       |       |       |       |       |    32 |     5 |     8 ||    45
       Eringya's Noxious |       |       |       |       |       |       |       |     7 |       ||     7
       Summon Horrible T |       |       |       |       |       |       |       |     6 |     9 ||    15
       Spellforged Servi |       |       |       |       |       |       |       |     1 |    43 ||    44
Invok: Temporal Distorti |       |       |       |     1 |     3 |       |       |       |       ||     4
       Slouch            |       |       |       |       |     4 |     7 |     9 |    12 |       ||    32
       Step From Time    |       |       |       |       |       |       |       |       |     1 ||     1
Evoke: Wand              |       |     3 |     5 |       |     1 |     4 |    15 |     5 |     8 ||    41
       Lightning rod     |       |       |       |       |     2 |       |     6 |     2 |       ||    10
       Phantom mirror    |       |       |       |       |       |       |     2 |     2 |       ||     4
       Box of beasts     |       |       |       |       |       |       |     1 |       |     1 ||     2
       Condenser vane    |       |       |       |       |       |       |       |       |     1 ||     1
  Use: Scroll            |       |     4 |     3 |     9 |    13 |    10 |     5 |     8 |    18 ||    70
       Potion            |       |     3 |     1 |     1 |     1 |     1 |     2 |     1 |     2 ||    12
 Stab: Distracted        |     1 |       |     2 |    14 |    26 |    15 |     7 |    12 |    13 ||    90
       Sleeping          |       |       |    10 |     1 |     4 |    21 |    23 |    40 |    15 ||   114
       Betrayed ally     |       |       |       |       |     2 |       |       |       |       ||     2
       Paralysed         |       |       |       |       |       |     4 |       |       |       ||     4
       Invisible         |       |       |       |       |       |       |     1 |       |     2 ||     3
Armor: Robe              |    10 |     2 |    25 |       |     5 |   137 |    67 |       |       ||   246
       Skin              |       |    17 |    18 |       |       |       |       |       |       ||    35
       Ring mail         |       |       |       |    87 |   131 |       |       |       |       ||   218
       Ice dragon scales |       |       |       |       |       |       |    41 |   141 |   115 ||   297
Dodge: Dodged            |    28 |    11 |    79 |   167 |   495 |   561 |   494 |   422 |   302 ||  2559
Block: Buckler           |       |       |       |       |       |       |   254 |   306 |       ||   560
       Reflection        |       |       |       |       |       |       |    12 |    19 |    32 ||    63
       Kite shield       |       |       |       |       |       |       |       |   264 |   467 ||   731
